 Dungeon Crawl Stone Soup version 0.27-a0-1299-g1ab19c6527 (webtiles) character file.

Game seed: 8979533109718560442

87 Vomitron the Bolt Thrower (level 4, -3/28 HPs)
             Began as a Kobold Hunter on June 17, 2021.
             Was a Follower of Okawaru.
             Slain by Sigmund (6 damage)
             ... on level 2 of the Dungeon.
             The game lasted 00:04:32 (3018 turns).

Vomitron the Bolt Thrower (Kobold Hunter)           Turns: 3018, Time: 00:04:33

Health: -3/28      AC:  6    Str:  9    XL:     4   Next: 80%
Magic:  3/4        EV: 14    Int: 12    God:    Okawaru [*.....]
Gold:   82         SH:  0    Dex: 16    Spells: 3/3 levels left

rFire    . . .     SeeInvis .   a - +1 hand crossbow
rCold    . . .     Faith    .   (shield restricted)
rNeg     . . .     Spirit   .   c - +0 leather armour
rPois    .         Reflect  .   k - +1 helmet
rElec    .         Harm     .   (no cloak)
rCorr    .         Rampage  .   (no gloves)
Will     .....                  e - +0 pair of boots
Stlth    +++.......             (no amulet)
HPRegen  0.09/turn              (no ring)
MPRegen  0.09/turn              (no ring)

@: no status effects
A: small, no large weapons, nightstalker 3
a: Renounce Religion, Heroism


You were on level 2 of the Dungeon.
You worshipped Okawaru.
Okawaru was aware of your devotion.
You visited 1 branch of the dungeon, and saw 2 of its levels.

You collected 82 gold pieces.

Inventory:

Hand Weapons
 a - a +1 hand crossbow (weapon)
 b - a +3 club
 j - a +0 short sword
Missiles
 d - 7 bolts (quivered ammo)
Armour
 c - a +0 leather armour (worn)
 e - a +0 pair of boots (worn)
 k - a +1 helmet (worn)
 l - a +0 ring mail
Jewellery
 m - an amulet of magic regeneration
Scrolls
 f - 2 scrolls of identify {unknown}
 h - a scroll of amnesia {unknown}
 i - a scroll of acquirement {unknown}
Potions
 g - 2 potions of curing {unknown}


   Skills:
 + Level 3.1 Fighting
 + Level 2.3 Short Blades
 + Level 5.3 Crossbows
 - Level 2.4 Dodging
 + Level 2.9 Stealth
 + Level 1.0 Invocations


You had 3 spell levels left.
You didn't know any spells.
Your spell library contained the following spells:

 Spells                   Type           Power      Damage    Failure   Level
 Animate Skeleton         Necr           0%         N/A       43%         1
 Apportation              Tloc           0%         N/A       43%         1
 Corona                   Hex            0%         N/A       43%         1
 Summon Small Mammal      Summ           0%         N/A       43%         1


Dungeon Overview and Level Annotations

Branches:
Dungeon (2/15)

Altars:
Okawaru

Annotations:
D:2 Sigmund


Innate Abilities, Weirdness & Mutations

You are small and have problems with some larger weapons.
You are completely attuned to the shadows.


Message History

Aim: Sigmund, wielding a +2 scythe of protection and wearing a +0 robe (70% to hit)
You shoot a bolt. The bolt closely misses Sigmund.
Sigmund gestures at you while chanting. The puff of flame hits you.
Fire: 12 bolts
Press: ? - help, Q - select action, (/) - cycle Shift-Dir - straight line, f/p - Sigmund
Aim: Sigmund, wielding a +2 scythe of protection and wearing a +0 robe (70% to hit)
You shoot a bolt. The bolt hits Sigmund.
Sigmund is lightly wounded.
Sigmund closely misses you.
Unknown command.
Fire: 11 bolts
Press: ? - help, Q - select action, (/) - cycle Shift-Dir - straight line, f/p - Sigmund
Aim: Sigmund, wielding a +2 scythe of protection and wearing a +0 robe (lightly wounded, 70% to hit)
You shoot a bolt. The bolt closely misses Sigmund.
Sigmund hits you from afar with a +2 scythe of protection!
Unknown command.
Fire: 10 bolts
Press: ? - help, Q - select action, (/) - cycle Shift-Dir - straight line, f/p - Sigmund
Aim: Sigmund, wielding a +2 scythe of protection and wearing a +0 robe (lightly wounded, 70% to hit)
You shoot a bolt. The bolt hits Sigmund!
Sigmund is moderately wounded.
Sigmund hits you from afar with a +2 scythe of protection!
* * * LOW HITPOINT WARNING * * *
Unknown command.
Fire: 9 bolts
Press: ? - help, Q - select action, (/) - cycle Shift-Dir - straight line, f/p - Sigmund
Aim: Sigmund, wielding a +2 scythe of protection and wearing a +0 robe (moderately wounded, 70% to hit)
You shoot a bolt.
The bolt hits Sigmund but does no damage.
Sigmund is moderately wounded.
You feel like a meek peon again. Sigmund barely misses you.
Unknown command.
Fire: 8 bolts
Press: ? - help, Q - select action, (/) - cycle Shift-Dir - straight line, f/p - Sigmund
Aim: Sigmund, wielding a +2 scythe of protection and wearing a +0 robe (moderately wounded, 64% to hit)
You shoot a bolt. The bolt barely misses Sigmund.
Sigmund hits you from afar with a +2 scythe of protection.
You die...

.....#..>.#####.....#
........<.....#.....#
♣♣..##....###..##.###
♣..##....####.##.#
#P♣♣##....##..<##.# P♣
#..........#.## ♣
#####.........##########
#......(....).......# ♣
#......@..##........# ♣
#.>....##@##.........# ♣##
#..........(..........#
♣.#####.....................(
♣#............................
♣#....####.....#####...........
♣♣..#### #.....# ##.........#
♣...#######..#### ##...#...##
............## #.#######


You could see Sigmund.

Vanquished Creatures
  Robin (D:2)
  An adder (D:2)
  2 dart slugs (D:1)
  5 orcs (D:2)
  7 ball pythons
  6 endoplasms
  15 goblins
  3 hobgoblins
  5 kobolds
  2 quokkas
  A bat (D:1)
  A frilled lizard (D:2)
  2 rats
51 creatures vanquished.

Notes
Turn   | Place    | Note
-------+----------+-------------------------------------------
     0 | D:1      | Vomitron the Kobold Hunter began the quest for the Orb.
     0 | D:1      | Reached XP level 1. HP: 12/12 MP: 1/1
   274 | D:1      | Reached XP level 2. HP: 18/18 MP: 2/2
   279 | D:1      | Reached skill level 1 in Short Blades
   279 | D:1      | Reached skill level 5 in Crossbows
   824 | D:1      | Reached XP level 3. HP: 22/22 MP: 3/3
  1038 | D:1      | Found a faded altar of an unknown god.
  1044 | D:1      | Became a worshipper of Warmaster Okawaru
  1044 | D:1      | Reached * piety under Okawaru
  1558 | D:2      | Noticed Robin
  1565 | D:2      | Killed Robin
  1566 | D:2      | Reached XP level 4. HP: 16/27 MP: 4/4
  2009 | D:2      | Reached skill level 1 in Invocations
  2576 | D:2      | Noticed Sigmund
  3018 | D:2      | Slain by Sigmund

Illustrated notes

Levels and vault maps discovered:
D:1:      dpeg_arrival_lava_temple_mockup, layout_basic,
          chequers_ecumenical_altar_grove
D:2:      layout_rooms, minmay_misc_feat_diagonals, wad_woods_river_04,
          chequers_garden, uniq_sigmund, uniq_robin

Skill      XL: |  1  2  3  4 |
---------------+-------------+-----
Short Blades   | 1 2 |  2.3
Crossbows      | 5 |  5.3
Stealth        | 2 |  2.9
Fighting       | 3 |  3.1
Invocations    | 1 |  1.0
Dodging        | |  2.4

Action                   |  1- 3 |  4- 6 || total
-------------------------+-------+-------++-------
Melee: Short sword       |    57 |    18 ||    75
       Club              |       |    59 ||    59
 Fire: Hand crossbow     |    19 |    19 ||    38
Invok: Heroism           |       |     3 ||     3
 Stab: Sleeping          |     5 |     5 ||    10
Armor: Leather armour    |    13 |    27 ||    40
Dodge: Dodged            |    50 |    60 ||   110

Table legend: (Time is in decaauts)
 A = Elapsed time spent in this place.
 B = Non-inter-level travel time spent in this place.
 C = Inter-level travel time spent in this place.
 D = Time resting spent in this place.
 E = Time spent auto-exploring this place.
 F = Levels seen in this place.
 G = Mean time per level.
                   A        B        C        D        E       F      G
               +--------+--------+--------+--------+--------+-----+--------+
         Total |   3041 |   3027 |     14 |    835 |   1724 |   2 | 1520.5 |
       Dungeon |   3041 |   3027 |     14 |    835 |   1724 |   2 | 1520.5 |
               +--------+--------+--------+--------+--------+-----+--------+

Top non-repeatable levels by time:
     D:1: 1790 daAuts
     D:2: 1250 daAuts
